Staline vs Influenza (R1)

Created - 28 octobre 2012 at 22:12

Simulating a Pre-Season

Goals
1 2 3 T
Staline 0 3 0 3
Influenza 1 3 0 4
Shots
1 2 3 T
Staline 3 13 12 28
Influenza 10 15 10 35

1st period

1. Influenza , Blake Comeau 1 (Rob Schremp, Jaime Sifers) at 4:40

Penalties :
Cam Janssen (StJ) for High sticking (Minor) at 8:34, Michel Ouellet (StJ) for Roughing (Double Minor) at 11:52

2nd period

2. Staline , Chris Dingman 1 (Michel Ouellet, Jamie Lundmark) at 1:20 (PP)
3. Staline , Nick Palmieri 1 (Mark Stuart, Brandon Prust) at 9:57
4. Staline , Cam Janssen 1 (Nolan Baumgartner, Yan Stastny) at 14:14 (PP)
5. Influenza , Lasse Kukkonen 1 (Blake Comeau, Rob Schremp) at 14:26
6. Influenza , Justin Abdelkader 1 (Tim Gleason, Rob Schremp) at 15:05 (PP)
7. Influenza , Martins Karsums 1 (Cody McCormick, Pierre-Cédric Labrie) at 19:05

Penalties :
Lasse Kukkonen (VJB) for Tripping (Minor) at 0:11, Nick Palmieri (StJ) for Hooking (Minor) at 5:29, Robbie Earl (VJB) for Hooking (Minor) at 10:44, Robert Dome (StJ) for Hooking (Minor) at 10:44, Robbie Earl (VJB) for Roughing (Minor) at 13:06, Robert Dome (StJ) for Hooking (Minor) at 14:52

3rd period

No Goal

Penalties :
Matt Carle (StJ) for Hooking (Minor) at 3:53, Nick Palmieri (StJ) for Holding (Minor) at 7:40, Tim Gleason (VJB) for Hooking (Minor) at 11:10, Matt Generous (StJ) for Slashing (Minor) at 16:45

Goalie Stats

Erik Ersberg (StJ), 31 saves from 35 shots - (0,886), L, 0-1-0, 59:12 minutes
Brent Krahn (VJB), 25 saves from 28 shots - (0,893), W, 1-0-0, 60:00 minutes

Players Stats for Staline

Player Name              G  A  P  +/- PIM S  H  SB GA TA FO     MP     PP MP  PK MP  
------------------------------------------------------------------------------------
Brandon Prust            0  1  1   1  0   1  3  0  0  0  0/0    11:41   0:05   2:23 
Cam Janssen              1  0  1  -2  2   1  1  0  0  0  0/1    12:14   1:57   0:00 
Chris Dingman            1  0  1  -1  0   5  5  0  1  0  1/2    20:55   2:14   4:45 
J.T. Wyman               0  0  0   0  0   0  0  1  0  0  0/0    12:19   0:00   2:55 
Jamie Lundmark           0  1  1  -1  0   2  2  4  2  0  24/42  23:10   2:19   7:08 
Josh Green               0  0  0   0  0   3  2  0  0  0  1/1    11:31   0:05   0:34 
Mark Stuart              0  1  1  -1  0   2  0  3  0  0  0/0    28:19   2:35   7:52 
Matt Carle               0  0  0   0  2   0  2  1  0  0  0/0    20:12   1:41   4:58 
Matt Generous            0  0  0  -1  2   1  0  1  0  0  0/0    12:00   0:00   1:29 
Michel Ouellet           0  1  1  -1  4   4  1  1  2  0  1/1    21:19   2:14   5:28 
Nathan Smith             0  0  0   0  0   0  2  0  0  0  1/4     8:56   0:00   0:54 
Nick Palmieri            1  0  1   1  4   1  0  0  0  0  0/0     6:35   0:00   0:00 
Nolan Baumgartner        0  1  1   0  0   1  1  3  0  2  0/0    20:57   1:41   5:56 
Robert Dome              0  0  0  -2  4   4  3  1  1  1  0/2    16:20   1:57   4:07 
Sheldon Souray           0  0  0  -1  0   1  0  3  1  0  0/0    28:07   2:35   7:49 
T.J. Fast                0  0  0  -1  0   1  0  0  0  0  0/0    10:44   0:00   0:10 
Tomas Kana               0  0  0   1  0   0  1  0  0  0  1/1     6:13   0:00   0:00 
Yan Stastny              0  1  1  -2  0   1  0  0  0  0  4/14   12:14   1:57   0:00 

Players Stats for Influenza

Player Name              G  A  P  +/- PIM S  H  SB GA TA FO     MP     PP MP  PK MP  
------------------------------------------------------------------------------------
Alexander Sulzer         0  0  0   1  0   0  2  0  1  0  0/0    22:39   4:58   1:29 
Blake Comeau             1  1  2   2  0   7  2  2  0  0  0/1    24:28   7:04   2:26 
Carl Gunnarsson          0  0  0   0  0   0  1  0  0  0  0/0    11:10   0:12   2:12 
Charles Linglet          0  0  0   0  0   0  1  0  0  0  0/0    10:15   1:14   0:54 
Cody McCormick           0  1  1   1  0   3  3  0  0  0  4/4     9:46   0:13   1:00 
Colton Orr               0  0  0  -1  0   0  7  0  0  0  0/1    16:33   5:37   0:53 
Jaime Sifers             0  1  1   1  0   1  1  2  0  1  0/0    22:46   4:58   1:29 
Jamie McBain             0  0  0   0  0   0  0  0  0  0  0/0     9:05   0:12   0:00 
Justin Abdelkader        1  0  1   2  0   4  0  0  0  0  0/0    20:32   7:07   0:00 
Lasse Kukkonen           1  0  1   1  2   5  1  2  0  1  0/0    27:26   8:57   1:58 
Marek Zagrapan           0  0  0   0  0   1  0  0  0  0  1/1     7:04   0:00   0:00 
Martins Karsums          1  0  1   1  0   2  0  0  0  0  1/1    10:58   1:26   0:00 
Pierre-Cédric Labrie     0  1  1   1  0   0  0  0  0  0  0/0     8:33   0:00   0:00 
Rob Schremp              0  3  3   2  0   2  2  0  0  1  21/45  24:24   7:15   2:26 
Robbie Earl              0  0  0  -1  4   1  1  0  1  0  1/2    14:55   5:42   0:00 
Ryan Carter              0  0  0  -1  0   5  3  0  0  2  7/13   16:33   5:37   0:53 
Ryan Vesce               0  0  0   0  0   2  1  0  0  0  0/0     9:38   1:06   0:00 
Tim Gleason              0  1  1   1  2   2  2  1  1  2  0/0    26:56   8:57   1:24 

3 Stars

1 - Blake Comeau (VJB)
2 - Rob Schremp (VJB)
3 - Justin Abdelkader (VJB)

Power Play

Staline - 2 on 3 Attempt(s) - 66,67%
Influenza - 1 on 8 Attempt(s) - 12,50%

Penalty Kill

Staline - 7 on 8 Attempt(s) - 87,50% - Score 0 goal in Penalty Kill
Influenza - 1 on 3 Attempt(s) - 33,33% - Score 0 goal in Penalty Kill

Official

Referees : Kozari Steve and Banfield David
Linesman : Brad Lazarowich and Jay Sharrers

Game Notes

No Game Note

Staline

5 vs 5 Forward 
   Center                   Left Wing                Right Wing               Time % Phy DF OF 
 1 Jamie Lundmark           Chris Dingman            Michel Ouellet           40     1   2  2  
 2 Yan Stastny              Robert Dome              Cam Janssen              30     1   2  2  
 3 Nathan Smith             Josh Green               J.T. Wyman               20     1   2  2  
 4 Tomas Kana               Brandon Prust            Nick Palmieri            10     1   2  2  

5 vs 5 Defense 
   Defense                  Defense                                           Time % Phy DF OF 
 1 Mark Stuart              Sheldon Souray                                    40     1   2  2  
 2 Nolan Baumgartner        Matt Carle                                        30     1   2  2  
 3 T.J. Fast                Matt Generous                                     20     1   2  2  
 4 Mark Stuart              Sheldon Souray                                    10     1   2  2  

PowerPlay Forward 
   Center                   Left Wing                Right Wing               Time % Phy DF OF 
 1 Jamie Lundmark           Chris Dingman            Michel Ouellet           60     1   2  2  
 2 Yan Stastny              Robert Dome              Cam Janssen              40     1   2  2  

PowerPlay Defense
   Defense                  Defense                                           Time % Phy DF OF 
 1 Mark Stuart              Sheldon Souray                                    60     1   2  2  
 2 Nolan Baumgartner        Matt Carle                                        40     1   2  2  

Penalty Kill 4 Players Forward 
   Center                   Wing                     Time % Phy DF OF 
 1 Jamie Lundmark           Michel Ouellet           60     1   2  2  
 2 Chris Dingman            Robert Dome              40     1   2  2  

Penalty Kill 4 Players Defense
   Defense                  Defense                  Time % Phy DF OF 
 1 Mark Stuart              Sheldon Souray           60     1   2  2  
 2 Nolan Baumgartner        Matt Carle               40     1   2  2  

Penalty Kill - 3 Players Forward 
   Forward                                           Time % Phy DF OF 
 1 Jamie Lundmark                                    60     1   2  2  
 2 Michel Ouellet                                    40     1   2  2  

Penalty Kill - 3 Players Defense
   Defense                  Defense                  Time % Phy DF OF 
 1 Mark Stuart              Sheldon Souray           60     1   2  2  
 2 Nolan Baumgartner        Matt Carle               40     1   2  2  

4 vs 4 Forward 
   Center                   Wing                     Time % Phy DF OF 
 1 Jamie Lundmark           Michel Ouellet           60     1   2  2  
 2 Chris Dingman            Robert Dome              40     1   2  2  

4 vs 4 Defense
   Defense                  Defense                  Time % Phy DF OF 
 1 Mark Stuart              Sheldon Souray           60     1   2  2  
 2 Nolan Baumgartner        Matt Carle               40     1   2  2  

Last Minutes Offensive
   Center                   Left Wing                Right Wing               Defense                  Defense                  
   Jamie Lundmark           Chris Dingman            Michel Ouellet           Mark Stuart              Sheldon Souray           

Last Minutes Defensive
   Center                   Left Wing                Right Wing               Defense                  Defense                  
   Jamie Lundmark           Chris Dingman            Michel Ouellet           Mark Stuart              Sheldon Souray           

Goaltenders
Starting : Erik Ersberg             
Backup : Tobias Stephan           

Extra Forwards
Normal : Josh Green, Brandon Prust, J.T. Wyman - PP : Josh Green, Brandon Prust - PK : J.T. Wyman
Extra Defensemen
Normal : T.J. Fast, Matt Generous, Nolan Baumgartner - PP : T.J. Fast - PK : Matt Generous, Nolan Baumgartner
Penalty Shots
Jamie Lundmark, Michel Ouellet, Chris Dingman, Robert Dome, Yan Stastny

Influenza

5 vs 5 Forward 
   Center                   Left Wing                Right Wing               Time % Phy DF OF 
 1 Rob Schremp              Justin Abdelkader        Blake Comeau             40     1   2  2  
 2 Ryan Carter              Robbie Earl              Colton Orr               30     1   2  2  
 3 Cody McCormick           Pierre-Cédric Labrie     Martins Karsums          20     1   2  2  
 4 Marek Zagrapan           Charles Linglet          Ryan Vesce               10     1   2  2  

5 vs 5 Defense 
   Defense                  Defense                                           Time % Phy DF OF 
 1 Lasse Kukkonen           Tim Gleason                                       40     1   2  2  
 2 Jaime Sifers             Alexander Sulzer                                  30     1   2  2  
 3 Jamie McBain             Carl Gunnarsson                                   20     1   2  2  
 4 Lasse Kukkonen           Tim Gleason                                       10     1   2  2  

PowerPlay Forward 
   Center                   Left Wing                Right Wing               Time % Phy DF OF 
 1 Rob Schremp              Justin Abdelkader        Blake Comeau             60     1   2  2  
 2 Ryan Carter              Robbie Earl              Colton Orr               40     1   2  2  

PowerPlay Defense
   Defense                  Defense                                           Time % Phy DF OF 
 1 Lasse Kukkonen           Tim Gleason                                       60     1   2  2  
 2 Jaime Sifers             Alexander Sulzer                                  40     1   2  2  

Penalty Kill 4 Players Forward 
   Center                   Wing                     Time % Phy DF OF 
 1 Rob Schremp              Blake Comeau             60     1   2  2  
 2 Colton Orr               Ryan Carter              40     1   2  2  

Penalty Kill 4 Players Defense
   Defense                  Defense                  Time % Phy DF OF 
 1 Lasse Kukkonen           Tim Gleason              60     1   2  2  
 2 Jaime Sifers             Alexander Sulzer         40     1   2  2  

Penalty Kill - 3 Players Forward 
   Forward                                           Time % Phy DF OF 
 1 Rob Schremp                                       60     1   2  2  
 2 Blake Comeau                                      40     1   2  2  

Penalty Kill - 3 Players Defense
   Defense                  Defense                  Time % Phy DF OF 
 1 Lasse Kukkonen           Tim Gleason              60     1   2  2  
 2 Jaime Sifers             Alexander Sulzer         40     1   2  2  

4 vs 4 Forward 
   Center                   Wing                     Time % Phy DF OF 
 1 Rob Schremp              Blake Comeau             60     1   2  2  
 2 Colton Orr               Ryan Carter              40     1   2  2  

4 vs 4 Defense
   Defense                  Defense                  Time % Phy DF OF 
 1 Lasse Kukkonen           Tim Gleason              60     1   2  2  
 2 Jaime Sifers             Alexander Sulzer         40     1   2  2  

Last Minutes Offensive
   Center                   Left Wing                Right Wing               Defense                  Defense                  
   Rob Schremp              Justin Abdelkader        Blake Comeau             Lasse Kukkonen           Tim Gleason              

Last Minutes Defensive
   Center                   Left Wing                Right Wing               Defense                  Defense                  
   Rob Schremp              Justin Abdelkader        Blake Comeau             Lasse Kukkonen           Tim Gleason              

Goaltenders
Starting : Brent Krahn              
Backup : Alex Stalock             

Extra Forwards
Normal : Martins Karsums, Ryan Vesce, Cody McCormick - PP : Martins Karsums, Ryan Vesce - PK : Cody McCormick
Extra Defensemen
Normal : Jamie McBain, Carl Gunnarsson, Jaime Sifers - PP : Jamie McBain - PK : Carl Gunnarsson, Jaime Sifers
Penalty Shots
Rob Schremp, Blake Comeau, Colton Orr, Ryan Carter, Justin Abdelkader

% Time on Ice - Staline

Lines # - Real PCT - Wanted PCT - Time Play
Normal Forward
1 - 36% - 40% - 13:55
2 - 27% - 30% - 10:17
3 - 21% - 20% - 8:02
4 - 16% - 10% - 6:13
Normal Defense
1 - 41% - 40% - 15:46
2 - 30% - 30% - 11:35
3 - 27% - 20% - 10:25
4 - 2% - 10% - 0:41
PP Forward
1 - 54% - 60% - 2:19
2 - 46% - 40% - 1:57
PP Defense
1 - 61% - 60% - 2:35
2 - 39% - 40% - 1:41
PK Forward
1 - 71% - 60% - 10:00
2 - 29% - 40% - 4:07
PK Defense
1 - 58% - 60% - 8:11
2 - 42% - 40% - 5:56
PK3 Forward
1 - 0% - 60%
2 - 0% - 40%
PK3 Defense
1 - 0% - 60%
2 - 0% - 40%
44 Forward
1 - 79% - 60% - 1:34
2 - 21% - 40% - 0:25
44 Defense
1 - 71% - 60% - 1:25
2 - 29% - 40% - 0:34
Last Minute Offensive  - 1:11
Last Minute Defensive  - 0:00
Total
Forward - 60:00
Defense - 60:00

% Time on Ice - Influenza

Lines # - Real PCT - Wanted PCT - Time Play
Normal Forward
1 - 35% - 40% - 13:20
2 - 25% - 30% - 9:29
3 - 22% - 20% - 8:33
4 - 18% - 10% - 7:04
Normal Defense
1 - 38% - 40% - 14:47
2 - 37% - 30% - 14:05
3 - 23% - 20% - 8:46
4 - 2% - 10% - 0:48
PP Forward
1 - 59% - 60% - 8:21
2 - 41% - 40% - 5:46
PP Defense
1 - 65% - 60% - 9:09
2 - 35% - 40% - 4:58
PK Forward
1 - 79% - 60% - 3:23
2 - 21% - 40% - 0:53
PK Defense
1 - 65% - 60% - 2:47
2 - 35% - 40% - 1:29
PK3 Forward
1 - 0% - 60%
2 - 0% - 40%
PK3 Defense
1 - 0% - 60%
2 - 0% - 40%
44 Forward
1 - 71% - 60% - 1:25
2 - 29% - 40% - 0:34
44 Defense
1 - 54% - 60% - 1:04
2 - 46% - 40% - 0:55
Last Minute Offensive  - 0:00
Last Minute Defensive  - 1:12
Total
Forward - 60:00
Defense - 60:00

Play by Play

1st period


0:01 of 1st period - Jamie Lundmark wins face-off versus Rob Schremp in neutral zone.
0:16 of 1st period - Slapshot by Rob Schremp.
0:16 of 1st period - Shot Misses the Net.
0:30 of 1st period - Wrist shot by Robert Dome.
0:30 of 1st period - Stopped by Brent Krahn with a rebound.
0:32 of 1st period - Backhand shot by Mark Stuart.
0:32 of 1st period - Stopped by Brent Krahn with a rebound.
0:56 of 1st period - Snap shot by Marek Zagrapan.
0:56 of 1st period - Stopped by Erik Ersberg with a rebound.
1:16 of 1st period - Slapshot by Brandon Prust.
1:16 of 1st period - Shot Misses the Net.
2:58 of 1st period - Snap shot by Ryan Vesce.
2:58 of 1st period - Stopped by Erik Ersberg with a rebound.
3:00 of 1st period - Snap shot by Marek Zagrapan.
3:00 of 1st period - Shot Blocked by Jamie Lundmark.
3:02 of 1st period - Slapshot by Jaime Sifers.
3:02 of 1st period - Deflect By Charles Linglet.
3:02 of 1st period - Shot Blocked by Jamie Lundmark.
3:02 of 1st period - Puck is out of play.
3:03 of 1st period - Yan Stastny wins face-off versus Ryan Carter in Staline zone.
3:35 of 1st period - Sheldon Souray is hit by Rob Schremp and loses puck.
3:51 of 1st period - Off-side.
3:52 of 1st period - Cody McCormick wins face-off versus Nathan Smith in neutral zone.
3:57 of 1st period - Wrist shot by Lasse Kukkonen.
3:57 of 1st period - Stopped by Erik Ersberg without a rebound.
3:58 of 1st period - Jamie Lundmark wins face-off versus Robbie Earl in Staline zone.
4:03 of 1st period - Tim Gleason is hit by Chris Dingman and loses puck.
4:27 of 1st period - Wrist shot by Justin Abdelkader.
4:27 of 1st period - Stopped by Erik Ersberg without a rebound.
4:28 of 1st period - Yan Stastny wins face-off versus Rob Schremp in Staline zone.
4:40 of 1st period - Snap shot by Blake Comeau.
4:40 of 1st period - Goal by Blake Comeau - Staline : 0 - Influenza : 1.
4:41 of 1st period - Rob Schremp wins face-off versus Jamie Lundmark in neutral zone.
5:06 of 1st period - Mark Stuart is hit by Tim Gleason and loses puck.
5:13 of 1st period - Snap shot by Ryan Carter.
5:13 of 1st period - Stopped by Erik Ersberg with a rebound.
5:29 of 1st period - Slapshot by Sheldon Souray.
5:29 of 1st period - Deflect By Josh Green.
5:29 of 1st period - Shot Misses the Net.
5:29 of 1st period - Puck is out of play.
5:30 of 1st period - Rob Schremp wins face-off versus Nathan Smith in Influenza zone.
5:55 of 1st period - Snap shot by Jamie McBain.
5:55 of 1st period - Shot Misses the Net.
7:05 of 1st period - Snap shot by Blake Comeau.
7:05 of 1st period - Stopped by Erik Ersberg without a rebound.
7:06 of 1st period - Jamie Lundmark wins face-off versus Rob Schremp in Staline zone.
7:22 of 1st period - Icing by Michel Ouellet.
7:23 of 1st period - Jamie Lundmark wins face-off versus Ryan Carter in Staline zone.
7:23 of 1st period - Jamie Lundmark is hit by Colton Orr.
7:54 of 1st period - Icing by Robert Dome.
7:55 of 1st period - Rob Schremp wins face-off versus Yan Stastny in Staline zone.
8:06 of 1st period - Snap shot by Rob Schremp.
8:06 of 1st period - Deflect By Justin Abdelkader.
8:06 of 1st period - Shot Misses the Net.
8:06 of 1st period - Puck is out of play.
8:07 of 1st period - Martins Karsums wins face-off versus Robert Dome in Staline zone.
8:20 of 1st period - Slapshot by Lasse Kukkonen.
8:20 of 1st period - Stopped by Erik Ersberg with a rebound.
8:25 of 1st period - Icing by Mark Stuart.
8:26 of 1st period - Rob Schremp wins face-off versus Yan Stastny in Staline zone.
8:27 of 1st period - Snap shot by Blake Comeau.
8:27 of 1st period - Stopped by Erik Ersberg with a rebound.
8:34 of 1st period - Minor Penalty to Cam Janssen for High sticking.
8:35 of 1st period - Jamie Lundmark wins face-off versus Rob Schremp in Staline zone.
9:13 of 1st period - Icing by Tim Gleason.
9:14 of 1st period - Ryan Carter wins face-off versus Chris Dingman in Influenza zone.
9:23 of 1st period - Wrist shot by Chris Dingman.
9:23 of 1st period - Stopped by Brent Krahn without a rebound.
9:24 of 1st period - Jamie Lundmark wins face-off versus Rob Schremp in Influenza zone.
9:49 of 1st period - Jamie Lundmark is hit by Colton Orr and loses puck.
10:34 of 1st period - Penalty to Cam Janssen is over, Cam Janssen is back on ice.
11:04 of 1st period - Snap shot by Nick Palmieri.
11:04 of 1st period - Shot Hit the Post.
11:49 of 1st period - Wrist shot by Martins Karsums.
11:49 of 1st period - Stopped by Erik Ersberg with a rebound.
11:52 of 1st period - Double Minor Penalty to Michel Ouellet for Roughing.
11:53 of 1st period - Rob Schremp wins face-off versus Jamie Lundmark in Staline zone.
12:18 of 1st period - Robbie Earl is hit by Jamie Lundmark.
13:25 of 1st period - Justin Abdelkader is hit by Robert Dome and loses puck.
14:04 of 1st period - Robbie Earl is hit by Matt Carle and loses puck.
15:10 of 1st period - Jaime Sifers is hit by Josh Green and loses puck.
15:52 of 1st period - Penalty to Michel Ouellet is over, Michel Ouellet is back on ice.
15:57 of 1st period - Ryan Carter is hit by Robert Dome.
16:12 of 1st period - Blake Comeau is hit by Brandon Prust and loses puck.
16:27 of 1st period - Matt Generous is hit by Carl Gunnarsson and loses puck.
16:44 of 1st period - T.J. Fast is hit by Cody McCormick and loses puck.
18:04 of 1st period - Mark Stuart is hit by Ryan Vesce and loses puck.
18:48 of 1st period - Ryan Vesce is hit by Brandon Prust and loses puck.
19:14 of 1st period - Robert Dome is hit by Robbie Earl and loses puck.
19:25 of 1st period - Lasse Kukkonen is hit by Nathan Smith and loses puck.
19:38 of 1st period - Tim Gleason is hit by Chris Dingman and loses puck.
19:53 of 1st period - Robert Dome is hit by Colton Orr and loses puck.

2nd period


0:01 of 2nd period - Jamie Lundmark wins face-off versus Rob Schremp in neutral zone.
0:04 of 2nd period - Slapshot by Sheldon Souray.
0:04 of 2nd period - Deflect By Michel Ouellet.
0:04 of 2nd period - Shot Blocked by Blake Comeau.
0:04 of 2nd period - Puck is out of play.
0:05 of 2nd period - Jamie Lundmark wins face-off versus Rob Schremp in Influenza zone.
0:11 of 2nd period - Minor Penalty to Lasse Kukkonen for Tripping.
0:12 of 2nd period - Jamie Lundmark wins face-off versus Rob Schremp in Influenza zone.
1:06 of 2nd period - Off-side.
1:07 of 2nd period - Cody McCormick wins face-off versus Jamie Lundmark in neutral zone.
1:16 of 2nd period - Snap shot by Michel Ouellet.
1:16 of 2nd period - Stopped by Brent Krahn without a rebound.
1:17 of 2nd period - Jamie Lundmark wins face-off versus Rob Schremp in Influenza zone.
1:18 of 2nd period - Snap shot by Michel Ouellet.
1:18 of 2nd period - Shot Misses the Net.
1:20 of 2nd period - Wrist shot by Chris Dingman.
1:20 of 2nd period - Goal by Chris Dingman - Staline : 1 - Influenza : 1.
1:21 of 2nd period - Rob Schremp wins face-off versus Jamie Lundmark in neutral zone.
1:24 of 2nd period - Slapshot by Tim Gleason.
1:24 of 2nd period - Stopped by Erik Ersberg with a rebound.
1:26 of 2nd period - Slapshot by Tim Gleason.
1:26 of 2nd period - Shot Blocked by Sheldon Souray.
1:28 of 2nd period - Slapshot by Rob Schremp.
1:28 of 2nd period - Shot Blocked by Mark Stuart.
1:30 of 2nd period - Slapshot by Rob Schremp.
1:30 of 2nd period - Stopped by Erik Ersberg without a rebound.
1:31 of 2nd period - Rob Schremp wins face-off versus Jamie Lundmark in Staline zone.
1:48 of 2nd period - Slapshot by Tim Gleason.
1:48 of 2nd period - Stopped by Erik Ersberg without a rebound.
1:49 of 2nd period - Ryan Carter wins face-off versus Yan Stastny in Staline zone.
1:58 of 2nd period - Wrist shot by Ryan Carter.
1:58 of 2nd period - Stopped by Erik Ersberg without a rebound.
1:59 of 2nd period - Ryan Carter wins face-off versus Yan Stastny in Staline zone.
2:00 of 2nd period - Snap shot by Colton Orr.
2:00 of 2nd period - Shot Blocked by Robert Dome.
2:06 of 2nd period - Wrist shot by Colton Orr.
2:06 of 2nd period - Deflect By Ryan Carter.
2:06 of 2nd period - Shot Misses the Net.
2:06 of 2nd period - Puck is out of play.
2:07 of 2nd period - Jamie Lundmark wins face-off versus Rob Schremp in Staline zone.
2:13 of 2nd period - Snap shot by Michel Ouellet.
2:13 of 2nd period - Stopped by Brent Krahn with a rebound.
2:15 of 2nd period - Snap shot by Chris Dingman.
2:15 of 2nd period - Shot Misses the Net.
2:58 of 2nd period - Jaime Sifers is hit by Josh Green and loses puck.
3:27 of 2nd period - Slapshot by Jaime Sifers.
3:27 of 2nd period - Stopped by Erik Ersberg without a rebound.
3:28 of 2nd period - Jamie Lundmark wins face-off versus Rob Schremp in Staline zone.
3:28 of 2nd period - Jamie Lundmark is hit by Lasse Kukkonen.
3:58 of 2nd period - Nolan Baumgartner is hit by Colton Orr and loses puck.
4:09 of 2nd period - Snap shot by Robbie Earl.
4:09 of 2nd period - Shot Hit the Post.
4:23 of 2nd period - Wrist shot by Josh Green.
4:23 of 2nd period - Stopped by Brent Krahn with a rebound.
4:25 of 2nd period - Slapshot by Nolan Baumgartner.
4:25 of 2nd period - Stopped by Brent Krahn without a rebound.
4:26 of 2nd period - Rob Schremp wins face-off versus Jamie Lundmark in Influenza zone.
4:26 of 2nd period - Rob Schremp is hit by Michel Ouellet.
4:38 of 2nd period - Slapshot by Blake Comeau.
4:38 of 2nd period - Shot Blocked by Jamie Lundmark.
4:52 of 2nd period - Sheldon Souray is hit by Colton Orr and loses puck.
5:29 of 2nd period - Minor Penalty to Nick Palmieri for Hooking.
5:30 of 2nd period - Rob Schremp wins face-off versus Jamie Lundmark in Staline zone.
5:45 of 2nd period - Michel Ouellet is hit by Blake Comeau and loses puck.
5:58 of 2nd period - Wrist shot by Ryan Carter.
5:58 of 2nd period - Shot Misses the Net.
6:14 of 2nd period - Matt Carle is hit by Ryan Carter and loses puck.
7:29 of 2nd period - Penalty to Nick Palmieri is over, Nick Palmieri is back on ice.
8:23 of 2nd period - Jamie McBain is hit by Chris Dingman and loses puck.
9:03 of 2nd period - Pierre-Cédric Labrie is hit by Chris Dingman and loses puck.
9:18 of 2nd period - Jaime Sifers is hit by Nathan Smith and loses puck.
9:33 of 2nd period - Charles Linglet is hit by Robert Dome.
9:48 of 2nd period - Colton Orr is hit by Tomas Kana and loses puck.
9:57 of 2nd period - Slapshot by Mark Stuart.
9:57 of 2nd period - Deflect By Nick Palmieri.
9:57 of 2nd period - Goal by Nick Palmieri - Staline : 2 - Influenza : 1.
9:58 of 2nd period - Rob Schremp wins face-off versus Jamie Lundmark in neutral zone.
10:01 of 2nd period - Snap shot by Blake Comeau.
10:01 of 2nd period - Shot Blocked by Jamie Lundmark.
10:39 of 2nd period - Off-side.
10:40 of 2nd period - Yan Stastny wins face-off versus Ryan Carter in neutral zone.
10:44 of 2nd period - Minor Penalty to Robbie Earl for Hooking.
10:44 of 2nd period - Minor Penalty to Robert Dome for Hooking.
10:45 of 2nd period - Jamie Lundmark wins face-off versus Rob Schremp in neutral zone.
10:57 of 2nd period - Wrist shot by Jamie Lundmark.
10:57 of 2nd period - Stopped by Brent Krahn with a rebound.
10:59 of 2nd period - Slapshot by Sheldon Souray.
10:59 of 2nd period - Shot Misses the Net.
11:30 of 2nd period - Off-side.
11:31 of 2nd period - Chris Dingman wins face-off versus Colton Orr in neutral zone.
11:34 of 2nd period - Slapshot by Josh Green.
11:34 of 2nd period - Stopped by Brent Krahn with a rebound.
11:36 of 2nd period - Snap shot by Chris Dingman.
11:36 of 2nd period - Shot Misses the Net.
11:42 of 2nd period - Slapshot by Matt Carle.
11:42 of 2nd period - Shot Blocked by Lasse Kukkonen.
11:44 of 2nd period - Snap shot by Chris Dingman.
11:44 of 2nd period - Shot Blocked by Tim Gleason.
11:46 of 2nd period - Slapshot by Matt Carle.
11:46 of 2nd period - Shot Blocked by Lasse Kukkonen.
12:18 of 2nd period - Slapshot by Sheldon Souray.
12:18 of 2nd period - Stopped by Brent Krahn without a rebound.
12:19 of 2nd period - Josh Green wins face-off versus Rob Schremp in Influenza zone.
12:22 of 2nd period - Slapshot by Mark Stuart.
12:22 of 2nd period - Stopped by Brent Krahn with a rebound.
12:24 of 2nd period - Snap shot by Brandon Prust.
12:24 of 2nd period - Shot Misses the Net.
12:26 of 2nd period - Wrist shot by Josh Green.
12:26 of 2nd period - Shot Blocked by Blake Comeau.
12:44 of 2nd period - Penalty to Robbie Earl is over, Robbie Earl is back on ice.
12:44 of 2nd period - Penalty to Robert Dome is over, Robert Dome is back on ice.
13:01 of 2nd period - Snap shot by Cody McCormick.
13:01 of 2nd period - Stopped by Erik Ersberg without a rebound.
13:02 of 2nd period - Nathan Smith wins face-off versus Ryan Carter in Staline zone.
13:02 of 2nd period - Nolan Baumgartner is hit by Ryan Carter and loses puck.
13:06 of 2nd period - Minor Penalty to Robbie Earl for Roughing.
13:07 of 2nd period - Jamie Lundmark wins face-off versus Rob Schremp in Influenza zone.
14:08 of 2nd period - Wrist shot by Yan Stastny.
14:08 of 2nd period - Shot Misses the Net.
14:10 of 2nd period - Slapshot by Nolan Baumgartner.
14:10 of 2nd period - Shot Misses the Net.
14:12 of 2nd period - Wrist shot by Cam Janssen.
14:12 of 2nd period - Shot Blocked by Jaime Sifers.
14:14 of 2nd period - Wrist shot by Cam Janssen.
14:14 of 2nd period - Goal by Cam Janssen - Staline : 3 - Influenza : 1.
14:15 of 2nd period - Rob Schremp wins face-off versus Jamie Lundmark in neutral zone.
14:26 of 2nd period - Slapshot by Lasse Kukkonen.
14:26 of 2nd period - Goal by Lasse Kukkonen - Staline : 3 - Influenza : 2.
14:27 of 2nd period - Jamie Lundmark wins face-off versus Rob Schremp in neutral zone.
14:32 of 2nd period - Wrist shot by Michel Ouellet.
14:32 of 2nd period - Deflect By Jamie Lundmark.
14:32 of 2nd period - Stopped by Brent Krahn with a rebound.
14:43 of 2nd period - Off-side.
14:44 of 2nd period - Ryan Carter wins face-off versus Robert Dome in neutral zone.
14:47 of 2nd period - Slapshot by Tim Gleason.
14:47 of 2nd period - Shot Blocked by Mark Stuart.
14:52 of 2nd period - Minor Penalty to Robert Dome for Hooking.
14:53 of 2nd period - Rob Schremp wins face-off versus Jamie Lundmark in Staline zone.
15:01 of 2nd period - Wrist shot by Rob Schremp.
15:01 of 2nd period - Shot Misses the Net.
15:03 of 2nd period - Slapshot by Rob Schremp.
15:03 of 2nd period - Shot Blocked by Sheldon Souray.
15:05 of 2nd period - Slapshot by Tim Gleason.
15:05 of 2nd period - Deflect By Justin Abdelkader.
15:05 of 2nd period - Goal by Justin Abdelkader - Staline : 3 - Influenza : 3.
15:06 of 2nd period - Jamie Lundmark wins face-off versus Rob Schremp in neutral zone.
15:31 of 2nd period - Mark Stuart is hit by Colton Orr.
15:55 of 2nd period - Charles Linglet is hit by Nolan Baumgartner and loses puck.
16:18 of 2nd period - Snap shot by Blake Comeau.
16:18 of 2nd period - Shot Blocked by Matt Generous.
16:20 of 2nd period - Wrist shot by Blake Comeau.
16:20 of 2nd period - Stopped by Erik Ersberg without a rebound.
16:21 of 2nd period - Jamie Lundmark wins face-off versus Ryan Carter in Staline zone.
16:46 of 2nd period - Robert Dome is hit by Tim Gleason and loses puck.
16:55 of 2nd period - Slapshot by Justin Abdelkader.
16:55 of 2nd period - Stopped by Erik Ersberg without a rebound.
16:56 of 2nd period - Rob Schremp wins face-off versus Jamie Lundmark in Staline zone.
16:57 of 2nd period - Snap shot by Justin Abdelkader.
16:57 of 2nd period - Stopped by Erik Ersberg with a rebound.
16:59 of 2nd period - Wrist shot by Blake Comeau.
16:59 of 2nd period - Stopped by Erik Ersberg without a rebound.
17:00 of 2nd period - Jamie Lundmark wins face-off versus Rob Schremp in Staline zone.
18:19 of 2nd period - Slapshot by Marek Zagrapan.
18:19 of 2nd period - Shot Misses the Net.
18:33 of 2nd period - Slapshot by Lasse Kukkonen.
18:33 of 2nd period - Stopped by Erik Ersberg with a rebound.
18:55 of 2nd period - Snap shot by Yan Stastny.
18:55 of 2nd period - Stopped by Brent Krahn without a rebound.
18:56 of 2nd period - Cody McCormick wins face-off versus Yan Stastny in Influenza zone.
19:05 of 2nd period - Wrist shot by Martins Karsums.
19:05 of 2nd period - Goal by Martins Karsums - Staline : 3 - Influenza : 4.
19:06 of 2nd period - Rob Schremp wins face-off versus Jamie Lundmark in neutral zone.
19:13 of 2nd period - Snap shot by Lasse Kukkonen.
19:13 of 2nd period - Stopped by Erik Ersberg without a rebound.
19:14 of 2nd period - Rob Schremp wins face-off versus Jamie Lundmark in Staline zone.
19:15 of 2nd period - Wrist shot by Justin Abdelkader.
19:15 of 2nd period - Shot Misses the Net.
19:38 of 2nd period - Off-side.
19:39 of 2nd period - Robbie Earl wins face-off versus Nathan Smith in neutral zone.
19:44 of 2nd period - Backhand shot by Colton Orr.
19:44 of 2nd period - Shot Blocked by J.T. Wyman.

3rd period


0:01 of 3rd period - Jamie Lundmark wins face-off versus Rob Schremp in neutral zone.
0:06 of 3rd period - Snap shot by Chris Dingman.
0:06 of 3rd period - Stopped by Brent Krahn without a rebound.
0:07 of 3rd period - Jamie Lundmark wins face-off versus Rob Schremp in Influenza zone.
0:08 of 3rd period - Snap shot by Michel Ouellet.
0:08 of 3rd period - Deflect By Rob Schremp.
0:08 of 3rd period - Shot Misses the Net.
0:08 of 3rd period - Puck is out of play.
0:09 of 3rd period - Rob Schremp wins face-off versus Jamie Lundmark in Influenza zone.
0:32 of 3rd period - Wrist shot by Blake Comeau.
0:32 of 3rd period - Shot Misses the Net.
1:12 of 3rd period - Wrist shot by Michel Ouellet.
1:12 of 3rd period - Stopped by Brent Krahn with a rebound.
1:14 of 3rd period - Wrist shot by Chris Dingman.
1:14 of 3rd period - Stopped by Brent Krahn without a rebound.
1:15 of 3rd period - Ryan Carter wins face-off versus Yan Stastny in Influenza zone.
1:20 of 3rd period - Slapshot by Ryan Carter.
1:20 of 3rd period - Stopped by Erik Ersberg with a rebound.
1:22 of 3rd period - Snap shot by Jaime Sifers.
1:22 of 3rd period - Shot Blocked by Nolan Baumgartner.
1:24 of 3rd period - Snap shot by Colton Orr.
1:24 of 3rd period - Deflect By Ryan Carter.
1:24 of 3rd period - Stopped by Erik Ersberg without a rebound.
1:25 of 3rd period - Yan Stastny wins face-off versus Ryan Carter in Staline zone.
1:25 of 3rd period - Yan Stastny is hit by Jaime Sifers.
1:30 of 3rd period - Off-side.
1:31 of 3rd period - Ryan Carter wins face-off versus Yan Stastny in neutral zone.
1:44 of 3rd period - Alexander Sulzer is hit by Cam Janssen and loses puck.
2:02 of 3rd period - Nathan Smith is hit by Cody McCormick and loses puck.
3:11 of 3rd period - Slapshot by T.J. Fast.
3:11 of 3rd period - Stopped by Brent Krahn with a rebound.
3:21 of 3rd period - Snap shot by Ryan Vesce.
3:21 of 3rd period - Stopped by Erik Ersberg with a rebound.
3:26 of 3rd period - Icing by Brandon Prust.
3:27 of 3rd period - Tomas Kana wins face-off versus Rob Schremp in Staline zone.
3:32 of 3rd period - Snap shot by Justin Abdelkader.
3:32 of 3rd period - Deflect By Blake Comeau.
3:32 of 3rd period - Stopped by Erik Ersberg without a rebound.
3:33 of 3rd period - Jamie Lundmark wins face-off versus Rob Schremp in Staline zone.
3:33 of 3rd period - Jamie Lundmark is hit by Rob Schremp.
3:45 of 3rd period - Icing by Blake Comeau.
3:46 of 3rd period - Rob Schremp wins face-off versus Jamie Lundmark in Influenza zone.
3:46 of 3rd period - Rob Schremp is hit by Jamie Lundmark.
3:53 of 3rd period - Minor Penalty to Matt Carle for Hooking.
3:54 of 3rd period - Rob Schremp wins face-off versus Jamie Lundmark in Staline zone.
3:59 of 3rd period - Wrist shot by Rob Schremp.
3:59 of 3rd period - Shot Misses the Net.
4:10 of 3rd period - Slapshot by Lasse Kukkonen.
4:10 of 3rd period - Shot Blocked by Michel Ouellet.
5:07 of 3rd period - Sheldon Souray is hit by Ryan Carter and loses puck.
5:53 of 3rd period - Penalty to Matt Carle is over, Matt Carle is back on ice.
5:54 of 3rd period - Brandon Prust is hit by Alexander Sulzer and loses puck.
6:34 of 3rd period - Charles Linglet is hit by Brandon Prust and loses puck.
6:45 of 3rd period - Josh Green is hit by Charles Linglet and loses puck.
6:52 of 3rd period - Snap shot by Martins Karsums.
6:52 of 3rd period - Deflect By Brandon Prust.
6:52 of 3rd period - Shot Misses the Net.
6:52 of 3rd period - Puck is out of play.
6:53 of 3rd period - Jamie Lundmark wins face-off versus Rob Schremp in Staline zone.
7:06 of 3rd period - Justin Abdelkader is hit by Matt Carle and loses puck.
7:27 of 3rd period - Slapshot by Robert Dome.
7:27 of 3rd period - Stopped by Brent Krahn with a rebound.
7:29 of 3rd period - Snap shot by Yan Stastny.
7:29 of 3rd period - Deflect By Robert Dome.
7:29 of 3rd period - Stopped by Brent Krahn with a rebound.
7:31 of 3rd period - Slapshot by Sheldon Souray.
7:31 of 3rd period - Shot Misses the Net.
7:40 of 3rd period - Minor Penalty to Nick Palmieri for Holding.
7:41 of 3rd period - Jamie Lundmark wins face-off versus Blake Comeau in Staline zone.
8:08 of 3rd period - Robbie Earl is hit by Chris Dingman and loses puck.
8:15 of 3rd period - Snap shot by Robert Dome.
8:15 of 3rd period - Stopped by Brent Krahn with a rebound.
8:19 of 3rd period - Snap shot by Chris Dingman.
8:19 of 3rd period - Stopped by Brent Krahn with a rebound.
8:31 of 3rd period - Slapshot by Tim Gleason.
8:31 of 3rd period - Shot Blocked by Nolan Baumgartner.
8:33 of 3rd period - Slapshot by Tim Gleason.
8:33 of 3rd period - Deflect By Blake Comeau.
8:33 of 3rd period - Stopped by Erik Ersberg with a rebound.
8:53 of 3rd period - J.T. Wyman is hit by Colton Orr and loses puck.
9:40 of 3rd period - Penalty to Nick Palmieri is over, Nick Palmieri is back on ice.
9:48 of 3rd period - T.J. Fast is hit by Alexander Sulzer and loses puck.
10:25 of 3rd period - Snap shot by Josh Green.
10:25 of 3rd period - Stopped by Brent Krahn with a rebound.
10:27 of 3rd period - Snap shot by Matt Generous.
10:27 of 3rd period - Stopped by Brent Krahn with a rebound.
10:29 of 3rd period - Wrist shot by Nathan Smith.
10:29 of 3rd period - Deflect By Josh Green.
10:29 of 3rd period - Shot Hit the Post.
10:29 of 3rd period - Puck is out of play.
10:30 of 3rd period - Cody McCormick wins face-off versus Yan Stastny in Influenza zone.
10:33 of 3rd period - Slapshot by Matt Carle.
10:33 of 3rd period - Shot Misses the Net.
10:43 of 3rd period - Snap shot by Cody McCormick.
10:43 of 3rd period - Stopped by Erik Ersberg with a rebound.
10:45 of 3rd period - Snap shot by Cody McCormick.
10:45 of 3rd period - Stopped by Erik Ersberg without a rebound.
10:46 of 3rd period - Rob Schremp wins face-off versus Jamie Lundmark in Staline zone.
11:01 of 3rd period - Snap shot by Rob Schremp.
11:01 of 3rd period - Stopped by Erik Ersberg without a rebound.
11:02 of 3rd period - Ryan Carter wins face-off versus Cam Janssen in Staline zone.
11:07 of 3rd period - Snap shot by Ryan Carter.
11:07 of 3rd period - Shot Blocked by Sheldon Souray.
11:10 of 3rd period - Minor Penalty to Tim Gleason for Hooking.
11:11 of 3rd period - Michel Ouellet wins face-off versus Rob Schremp in Influenza zone.
11:59 of 3rd period - Off-side.
12:00 of 3rd period - Rob Schremp wins face-off versus Yan Stastny in neutral zone.
13:10 of 3rd period - Penalty to Tim Gleason is over, Tim Gleason is back on ice.
13:46 of 3rd period - Wrist shot by Ryan Vesce.
13:46 of 3rd period - Shot Misses the Net.
14:23 of 3rd period - Matt Carle is hit by Cody McCormick and loses puck.
14:40 of 3rd period - Slapshot by Brandon Prust.
14:40 of 3rd period - Stopped by Brent Krahn with a rebound.
14:53 of 3rd period - Off-side.
14:54 of 3rd period - Marek Zagrapan wins face-off versus Yan Stastny in neutral zone.
15:22 of 3rd period - Wrist shot by Martins Karsums.
15:22 of 3rd period - Shot Misses the Net.
15:46 of 3rd period - Slapshot by Michel Ouellet.
15:46 of 3rd period - Stopped by Brent Krahn with a rebound.
15:56 of 3rd period - Wrist shot by Robbie Earl.
15:56 of 3rd period - Stopped by Erik Ersberg with a rebound.
15:58 of 3rd period - Slapshot by Jamie McBain.
15:58 of 3rd period - Shot Blocked by Matt Carle.
16:00 of 3rd period - Slapshot by Ryan Carter.
16:00 of 3rd period - Stopped by Erik Ersberg with a rebound.
16:02 of 3rd period - Slapshot by Robbie Earl.
16:02 of 3rd period - Shot Misses the Net.
16:04 of 3rd period - Snap shot by Robbie Earl.
16:04 of 3rd period - Shot Misses the Net.
16:06 of 3rd period - Snap shot by Ryan Carter.
16:06 of 3rd period - Shot Blocked by Nolan Baumgartner.
16:45 of 3rd period - Minor Penalty to Matt Generous for Slashing.
16:46 of 3rd period - Rob Schremp wins face-off versus Jamie Lundmark in Staline zone.
16:49 of 3rd period - Wrist shot by Rob Schremp.
16:49 of 3rd period - Shot Misses the Net.
16:51 of 3rd period - Slapshot by Tim Gleason.
16:51 of 3rd period - Shot Misses the Net.
16:53 of 3rd period - Snap shot by Rob Schremp.
16:53 of 3rd period - Shot Blocked by Mark Stuart.
16:55 of 3rd period - Slapshot by Tim Gleason.
16:55 of 3rd period - Deflect By Rob Schremp.
16:55 of 3rd period - Shot Misses the Net.
16:55 of 3rd period - Puck is out of play.
16:56 of 3rd period - Jamie Lundmark wins face-off versus Rob Schremp in Staline zone.
18:45 of 3rd period - Penalty to Matt Generous is over, Matt Generous is back on ice.
19:12 of 3rd period - Staline, Erik Ersberg is pulled from the net.
19:28 of 3rd period - Slapshot by Matt Carle.
19:28 of 3rd period - Shot Blocked by Jaime Sifers.
19:30 of 3rd period - Slapshot by Matt Carle.
19:30 of 3rd period - Shot Misses the Net.
19:52 of 3rd period - Chris Dingman is hit by Blake Comeau and loses puck.


Output by the SimonT Hockey Simulator (STHS) for François Prévost -- Original Page W3C XHTML 1.0 Valid
Hockey Simulator - Hockey Simulation - Hockey Manager